 Dungeon Crawl Stone Soup version 0.26.1-11-gd32895ea62 (webtiles) character file.

Game seed: 1117471497109168519

95 Zeld the Digger (level 4, -2/24 HPs)
             Began as a Gargoyle Earth Elementalist on Sept 5, 2021.
             Slain by Robin
             ... wielding a +3 trident
              (5 damage)
             ... on level 2 of the Dungeon.
             The game lasted 00:04:31 (2705 turns).

Zeld the Digger (Gargoyle Earth Elementalist)       Turns: 2705, Time: 00:04:32

Health: -2/24      AC:  5    Str: 11    XL:     4   Next: 65%
Magic:  8/8        EV: 12    Int: 17    God:
Gold:   87         SH:  0    Dex: 10    Spells: 2/8 levels left

rFire    . . .     SeeInvis .   a - +0 dagger (speed)
rCold    . . .     Faith    .   (no shield)
rNeg     + . .     Spirit   .   c - +0 robe
rPois    ∞         Reflect  .   (no helmet)
rElec    +         Harm     .   (no cloak)
rCorr    .         Rampage  .   (no gloves)
Will     .....                  (no boots)
Stlth    ++........             (no amulet)
HPRegen  0.08/turn              (no ring)
MPRegen  0.11/turn              (no ring)

@: no status effects
A: negative energy resistance 1, electricity resistance, unbreathing,
petrification resistance, miasma immunity, AC +3
a: no special abilities


You were on level 2 of the Dungeon.
You visited 1 branch of the dungeon, and saw 2 of its levels.

You collected 87 gold pieces.

Inventory:

Hand Weapons
 a - a +0 dagger of speed (weapon)
Missiles
 b - 65 stones (quivered)
Armour
 c - a +0 robe (worn)
Jewellery
 d - an uncursed ring of see invisible {unknown}
Wands
 l - a wand of flame (9)
Scrolls
 e - 2 scrolls of teleportation {unknown}
 f - a scroll of blinking {unknown}
 g - a scroll of identify {unknown}
 h - a scroll of enchant armour {unknown}
 k - 2 scrolls of remove curse {unknown}
Potions
 i - a potion of attraction {unknown}
 j - 2 potions of might {unknown}
 m - a potion of haste {unknown}
 n - a potion of invisibility {unknown}


   Skills:
 + Level 1.2 Armour
 + Level 2.0 Dodging
 + Level 2.7 Stealth
 * Level 2.8 Spellcasting
 + Level 0.9 Conjurations
 - Level 1.0 Transmutations
 * Level 4.3 Earth Magic


You had 2 spell levels left.
You knew the following spells:

 Your Spells              Type           Power        Failure   Level
a - Sandblast             Erth           34%          3%          1
b - Passwall              Tmut/Erth      9%           9%          2
c - Stone Arrow           Conj/Erth      22%          19%         3

Your spell library contained the following spells:

 Spells                   Type           Power        Failure   Level
 Petrify                  Tmut/Erth      11%          52%         4
 Lee's Rapid Deconstruct  Erth           8%           63%         5


Dungeon Overview and Level Annotations

Branches:
Dungeon (2/15)

Altars:
Qazlal

Annotations:
D:2 Robin


Innate Abilities, Weirdness & Mutations

You are resistant to torment.
Your stone body is resilient. (AC +3)
You are immune to poison.
You resist negative energy. (rN+)
You are resistant to electric shocks. (rElec)
You can survive without breathing.
You are immune to petrification.
You are immune to miasma.


Message History

You hit Robin but do no damage.
Robin is severely wounded.
Robin drinks a potion.
Robin is healed!
You barely miss Robin. You barely miss Robin. Robin hits you with a +3 trident.
You hit Robin but do no damage. Robin hits you but does no damage.
You hit Robin but do no damage. You hit Robin.
Robin is moderately wounded.
Robin hits you but does no damage.
You closely miss Robin.
Robin is lightly wounded.
You hit Robin but do no damage.
Robin is lightly wounded.
Robin hits you with a +3 trident.
* * * LOW HITPOINT WARNING * * *
You hit Robin but do no damage.
Robin is lightly wounded.
Robin hits you from afar with a +3 trident.
You die...

#.###.##.## ## #.# #..#.#
# #># ##.#.# #
#.####.#.### ##
#..........###.
###.##.###.##.. #.#..#
#.#...
.!.##########....###.....
...gggg)@................
....#########....###.....
# #........#...
####.######.. #.# #.....
#.# #.#### ##.###.# #
##...##.# ##
##.....#.###.


You could see Robin, 2 hobgoblins and a goblin (strong).

Vanquished Creatures
  A hound skeleton (D:2)
  An adder (D:2)
  2 oozes (D:1)
  A worm (D:2)
  A dart slug (D:2)
  2 leopard geckos
  3 giant cockroaches
  8 goblins
  11 hobgoblins
  4 jackals (D:1)
  8 kobolds
  5 bats
  4 frilled lizards
  2 rats
53 creatures vanquished.

Notes
Turn   | Place    | Note
-------+----------+-------------------------------------------
     0 | D:1      | Zeld the Gargoyle Earth Elementalist began the quest for
                  | the Orb.
     0 | D:1      | Reached XP level 1. HP: 10/10 MP: 3/3
   220 | D:1      | Reached XP level 2. HP: 15/15 MP: 3/5
   226 | D:1      | Learned a level 2 spell: Passwall
   442 | D:1      | Reached skill level 1 in Transmutations
   452 | D:1      | Reached skill level 4 in Earth Magic
   498 | D:1      | Reached XP level 3. HP: 4/19 MP: 0/6
   502 | D:1      | Learned a level 3 spell: Stone Arrow
   931 | D:1      | Reached skill level 1 in Armour
  1899 | D:2      | Reached XP level 4. HP: 24/24 MP: 7/7
  1913 | D:2      | Found a stormy altar of Qazlal.
  2661 | D:2      | Noticed Robin
  2705 | D:2      | Slain by Robin

Illustrated notes

Levels and vault maps discovered:
D:1:      kennysheep_arrival_forest, layout_loops_ring, serial_rivers,
          chequers_serial_rivers_large_a, chequers_serial_rivers_small_b,
          chequers_serial_rivers_large_b, chequers_serial_rivers_small_3,
          chequers_serial_rivers_small_3, roderic_roman_lattice
D:2:      layout_loops_corners, lemuel_doored_altar, uniq_robin

Skill      XL: |  1  2  3  4 |
---------------+-------------+-----
Transmutations | 1 |  1.0
Earth Magic    | 4 |  4.3
Armour         | 1 |  1.2
Dodging        | 2 |  2.0
Stealth        | |  2.7
Spellcasting   | |  2.8
Conjurations   | |  0.9

Action                   |  1- 3 |  4- 6 || total
-------------------------+-------+-------++-------
Melee: Unarmed           |    16 |       ||    16
       Dagger            |    51 |   131 ||   182
       Hand axe          |    29 |       ||    29
 Cast: Sandblast         |    27 |       ||    27
 Stab: Sleeping          |     2 |       ||     2
Armor: Robe              |    34 |    40 ||    74
Dodge: Dodged            |    64 |    66 ||   130
